 Dungeon Crawl Stone Soup version 0.23-a0-344-ge122d05 (webtiles) character file.

394 Mgcat the Skirmisher (level 6, -11/56 HPs)
             Began as a Demigod Fighter on Oct 19, 2018.
             Mangled by an ogre
             ... wielding a +0 giant club
              (13 damage)
             ... on level 4 of the Dungeon.
             The game lasted 00:05:29 (2353 turns).

Mgcat the Skirmisher (Demigod Fighter)              Turns: 2353, Time: 00:05:30

Health: -11/56     AC:  6    Str: 21    XL:     6   Next: 26%
Magic:  8/8        EV:  7    Int: 19    God:
Gold:   177        SH:  9    Dex: 15    Spells: 5/5 levels left

rFire    . . .     SeeInvis +   d - +2 hand axe (freeze)
rCold    . . .     Gourm    .   c - +0 shield
rNeg     . . .     Faith    .   b - +0 scale mail
rPois    .         Spirit   .   (no helmet)
rElec    .         Reflect  .   (no cloak)
rCorr    .         Harm     .   (no gloves)
MR       +....                  (no boots)
Stlth    ..........             (no amulet)
HPRegen  0.18/turn              e - ring of see invisible {sInv, !d}
MPRegen  0.11/turn              r - ring of protection from magic {MR+, !d}

@: brilliant, lethally poisoned (-11 -> -14), hasted, very quick
A: high mp 1
a: no special abilities


You were on level 4 of the Dungeon.
You were not hungry.

You visited 1 branch of the dungeon, and saw 4 of its levels.

You collected 177 gold pieces.

Inventory:

Hand Weapons
 a - a +0 war axe
 d - a +2 hand axe of freezing (weapon)
   (You took it off Terence on level 3 of the Dungeon)
Armour
 b - a +0 scale mail (worn)
 c - a +0 shield (worn)
Jewellery
 e - a ring of see invisible (left hand) {sInv, !d}
   (You found it on level 1 of the Dungeon)
 l - an uncursed ring of ice {rC+, rF-}
   (You found it on level 3 of the Dungeon)
 r - a ring of protection from magic (right hand) {MR+, !d}
   (You found it on level 3 of the Dungeon)
Wands
 o - a wand of acid (12)
   (You took it off a goblin on level 3 of the Dungeon)
Scrolls
 j - a scroll of immolation {unknown}
 k - 3 scrolls of identify {unknown}
 m - 2 scrolls of remove curse {unknown}
 n - 4 scrolls of amnesia {unknown}
 p - a scroll of fear {unknown}
 s - a scroll of teleportation {unknown}
Potions
 g - a potion of haste
 i - a potion of lignification {!q}
Comestibles
 f - 3 rations
 h - a chunk of flesh {@w0}


   Skills:
 - Level 5.0 Fighting
 + Level 4.8 Axes
 - Level 2.6 Armour
 - Level 2.6 Shields


You had 5 spell levels left.
You didn't know any spells.
Your spell library contained the following spells:

 Spells                   Type           Power        Failure   Level  Hunger
 Beastly Appendage        Tmut           ##....       26%         1    ##.....
 Sticks to Snakes         Tmut           ##......     36%         2    ###....
 Spider Form              Tmut/Pois      ##........   56%         3    ####...
 Ice Form                 Ice/Tmut       ##......     89%         4    #####..
 Blade Hands              Tmut           ##........   99%         5    ######.


Dungeon Overview and Level Annotations

Branches:
Dungeon (4/15)
 Temple: D:4-7


Innate Abilities, Weirdness & Mutations

You have an increased reservoir of magic. (+10% MP)


Message History

Done exploring.
Done exploring.
No target in view!
Done exploring.
No target in view!
Done exploring.
No target in view!
Done exploring.
No target in view!
Done exploring.
No target in view!
Done exploring.
No target in view!
Done exploring.
No target in view!
(D) Dungeon
Where to? (Enter - D:3, ? - help)
What level of the Dungeon? (default 1, ? - help)
There is a stone staircase leading down here.
You climb downwards.
There is a stone staircase leading up here.
Found a stone staircase leading up.
An adder comes into view.
The adder hisses angrily.
A centaur zombie comes into view.
An ogre comes into view. It is wielding a +0 giant club.
Found a stone staircase leading down.
The ogre shouts!
You hit the adder.
The adder seems to slow down.
You freeze the adder.
The adder is moderately wounded.
You block the adder's attack. x2
You barely miss the adder.
The adder is moderately wounded.
The adder bites you but does no damage.
You miss the adder.
The adder is lightly wounded.
You hit the centaur zombie. The centaur zombie hits you.
The adder bites you but does no damage. The centaur zombie hits you.
You slash the centaur zombie!
The centaur zombie is moderately damaged.
You closely miss the adder.
The adder is no longer moving slowly.
You block the centaur zombie's attack. You block the adder's attack.
Your shield prevents you from hitting the centaur zombie.
The centaur zombie is moderately damaged.
You closely miss the adder. The centaur zombie barely misses you.
You block the adder's attack.
You miss the adder.
The adder is lightly wounded.
You hit the centaur zombie.
The centaur zombie hits you but does no damage.
You block the adder's attack.
The centaur zombie hits you but does no damage.
The adder bites you.
You hit the centaur zombie.
The centaur zombie is heavily damaged.
You closely miss the adder. The centaur zombie hits you.
You block the adder's attack.
Your scale mail prevents you from hitting the centaur zombie.
The centaur zombie is heavily damaged.
You closely miss the adder. The centaur zombie barely misses you.
You block the adder's attack.
The centaur zombie completely misses you.
You block the adder's attack.
You hit the centaur zombie.
The centaur zombie is severely damaged.
You hit the adder.
The adder seems to slow down.
You freeze the adder. You block the centaur zombie's attack.
The adder bites you.
You are poisoned.
The adder poisons you!
You hit the centaur zombie.
The centaur zombie is severely damaged.
You hit the adder. You freeze the adder.
You kill the adder!
You feel sick. The centaur zombie closely misses you.
You block the centaur zombie's attack.
A frilled lizard comes into view.
The frilled lizard hisses angrily.
You hit the ogre. You freeze the ogre.
The ogre is moderately wounded.
You hit the centaur zombie.
You feel sick. You block the centaur zombie's attack.
The ogre hits you with a +0 giant club!!
The centaur zombie closely misses you.
You hit the ogre. You freeze the ogre.
The ogre is heavily wounded.
You hit the centaur zombie.
You destroy the centaur zombie!
The ogre barely misses you.
It was a potion of brilliance.
You feel clever all of a sudden.
You feel sick. The ogre hits you with a +0 giant club!
* * * LOW HITPOINT WARNING * * *
Unknown command.
Unknown command.
Unknown command.
Unknown command.
Unknown command.
Unknown command.
You feel yourself speed up. The ogre hits you with a +0 giant club!
You die...

#.##.. ⌠.⌠. #..#.# ...#.
##.#.# .... . ##.#.#
##..# ... #..#.# ....#
.....#.##.####..######
...............<.......
#.###....#..#.#.###.####.
...............@O†....>.
######..#####..#.#.#.###
..... .......# ..
###.##.......... .#
#.##............# ..
.............
#./.....!....
#.............


You could see an ogre.

Vanquished Creatures
  Grinder (D:3)
  A centaur zombie (D:4)
  An orc priest (D:3)
  Terence (D:3)
  4 adders
  An ooze (D:1)
  3 worms
  3 dart slugs
  2 leopard geckos (D:2)
  4 orcs (D:3)
  2 ball pythons
  A giant cockroach (D:3)
  10 goblins
  4 hobgoblins
  A quokka (D:3)
  11 bats
  6 frilled lizards
  7 kobolds
  10 rats
73 creatures vanquished.

Vanquished Creatures (others)
  3 minotaurs (D:1)
  2 gargoyles (D:1)
  An elf (D:1)
  A spriggan (D:1)
  2 nagas (D:1)
  2 dwarves (D:1)
  An ogre (D:1)
  A centaur (D:1)
  A mummy (D:1)
  An orc (D:1)
  4 tentacles (D:1)
19 creatures vanquished.

Grand Total: 92 creatures vanquished

Notes
Turn   | Place    | Note
-------+----------+-------------------------------------------
     0 | D:1      | Mgcat the Demigod Fighter began the quest for the Orb.
     0 | D:1      | Reached XP level 1. HP: 18/18 MP: 3/3
     5 | D:1      | Killed a dwarf
     7 | D:1      | Noticed a minotaur
     7 | D:1      | Noticed a gargoyle
     7 | D:1      | Noticed a naga
     7 | D:1      | Noticed a minotaur
     7 | D:1      | Noticed a gargoyle
     7 | D:1      | Noticed a minotaur
     7 | D:1      | Noticed a naga
     7 | D:1      | Noticed a spriggan
     7 | D:1      | Noticed a kraken
     7 | D:1      | Noticed an elf
     7 | D:1      | Noticed a dwarf
     7 | D:1      | Noticed a centaur
     7 | D:1      | Noticed an ogre
     9 | D:1      | Killed an elf
    10 | D:1      | Killed a centaur
    11 | D:1      | Killed a minotaur
    11 | D:1      | Killed an ogre
    12 | D:1      | Killed a gargoyle
    14 | D:1      | Killed a dwarf
    14 | D:1      | Killed a naga
    17 | D:1      | Killed a gargoyle
    20 | D:1      | Killed a naga
    21 | D:1      | Killed a minotaur
    22 | D:1      | Killed a spriggan
    23 | D:1      | Killed a minotaur
    82 | D:1      | Reached skill level 2 in Axes
   152 | D:1      | Reached skill level 3 in Fighting
   210 | D:1      | Reached XP level 2. HP: 26/26 MP: 4/4
   715 | D:2      | Reached XP level 3. HP: 28/31 MP: 5/5
   807 | D:2      | You fall through a shaft!
  1024 | D:2      | Found a glowing silver altar of Zin.
  1231 | D:2      | Reached skill level 3 in Axes
  1543 | D:3      | Noticed Grinder
  1558 | D:3      | HP: 7/33 [Grinder (2)]
  1559 | D:3      | HP: 2/33 [Grinder (3)]
  1574 | D:3      | HP: 12/49 [Grinder (6)]
  1575 | D:3      | Killed Grinder
  1575 | D:3      | Reached skill level 4 in Fighting
  1575 | D:3      | Reached skill level 4 in Axes
  1575 | D:3      | Reached XP level 4. HP: 15/41 MP: 6/6
  1575 | D:3      | Reached XP level 5. HP: 18/47 MP: 7/7
  1859 | D:3      | Noticed Terence
  1872 | D:3      | Killed Terence
  2060 | D:3      | Reached XP level 6. HP: 41/55 MP: 8/8
  2071 | D:3      | Reached skill level 5 in Fighting
  2351 | D:4      | HP: 1/56 [ogre/+0 giant club (16)]
  2353 | D:4      | Mangled by an ogre

Vault maps used:
D:1:      nicolae_arrival_kraken_aquarium_b, grunt_decor_one_mirror,
          chequers_serial_rivers_micro_b, serial_bayou_pond_d, st_stairs_8
D:2:      old_standard_altar
D:3:      first_ration, uniq_grinder, uniq_terence
D:4:      chequers_temple_overflow_statue_of_worship, serial_shops,
          shop_fountains, uniq_edmund

Skill      XL: |  1  2  3  4  5  6 |
---------------+-------------------+-----
Axes           | 2 4 |  4.8
Fighting       | 3 4 5 |  5.0
Armour         | |  2.6
Shields        | |  2.6

Action                   |  1- 3 |  4- 6 || total
-------------------------+-------+-------++-------
Melee: War axe           |   197 |    11 ||   208
       Hand axe          |       |    47 ||    47
  Use: Potion            |     6 |     2 ||     8
  Eat: Chunk             |     3 |     2 ||     5
Armor: Scale mail        |    80 |    17 ||    97
       Skin              |     5 |       ||     5
Dodge: Dodged            |    64 |    18 ||    82
Block: Shield            |   119 |    31 ||   150

Table legend:
 A = Non-vault XP
 B = Vault XP
 C = Vault XP percentage of total XP
 D = Non-vault monster count
 E = Vault monster count
 F = Vault count percentage of total count
                 A         B        C        D         E       F
            +---------+---------+-------+---------+---------+-------
      Total |     263 |     300 |  53.3 |      69 |       4 |   5.5
            +---------+---------+-------+---------+---------+-------
        D:1 |      35 |       2 |   5.4 |      23 |       2 |   8.0
        D:2 |      41 |       0 |   0.0 |      18 |       0 |   0.0
        D:3 |     131 |     298 |  69.5 |      26 |       2 |   7.1
        D:4 |      56 |       0 |   0.0 |       2 |       0 |   0.0
            +---------+---------+-------+---------+---------+-------

Vault maps used:
D:1:      nicolae_arrival_kraken_aquarium_b, grunt_decor_one_mirror,
          chequers_serial_rivers_micro_b, serial_bayou_pond_d, st_stairs_8
D:2:      old_standard_altar
D:3:      first_ration, uniq_grinder, uniq_terence
D:4:      chequers_temple_overflow_statue_of_worship, serial_shops,
          shop_fountains, uniq_edmund

Table legend:
 A = Turns spent in this place as a percentage of turns spent in the entire game.
 B = Non-inter-level travel turns spent in this place as a percentage of non-inter-level travel turns spent in the entire game.
 C = Inter-level travel turns spent in this place as a percentage of turns spent in this place.
 D = Turns resting spent in this place as a percentage of non-inter-level travel turns spent in this place.
 E = Turns spent auto-exploring this place as a percentage of non-inter-level travel turns spent in this place.
 F = Non-inter-level travel turns spent in this place divided by the number of levels of this place that you've seen.
                   A       B       C       D       E      F
               +-------+-------+-------+-------+-------+----------------------
         Total | 100.0 | 100.0 |   6.4 |   3.3 |  71.9 | 550.5
       Dungeon | 100.0 | 100.0 |   6.4 |   3.3 |  71.9 | 550.5
               +-------+-------+-------+-------+-------+----------------------

Table legend:
 A = Kills in this place as a percentage of kills in entire the game.
 B = Kills by you in this place as a percentage of kills by you in the entire game.
 C = Kills by friends in this place as a percentage of kills by friends in the entire game.
 D = Other kills in this place as a percentage of other kills in the entire game.
 E = Experience gained in this place as a percentage of experience gained in the entire game.
 F = Experience gained in this place divided by the number of levels of this place that you have seen.
                   A       B       C       D       E      F
               +-------+-------+-------+-------+-------+----------------------
         Total | 100.0 | 100.0 |   N/A |   N/A | 100.0 | 140.8
       Dungeon | 100.0 | 100.0 |   N/A |   N/A | 100.0 | 140.8
               +-------+-------+-------+-------+-------+----------------------
